 Dungeon Crawl Stone Soup version 0.28-a0-535-g6f645e4c1d (webtiles) character file.

Game seed: 6682477773144413332

143 Demosthentine the Poker (level 5, 0/41 HPs)
             Began as a Merfolk Gladiator on Sept 27, 2021.
             Slain by an orc (4 damage)
             ... on level 3 of the Dungeon.
             The game lasted 00:02:00 (2851 turns).

Demosthentine the Poker (Merfolk Gladiator)         Turns: 2851, Time: 00:02:01

Health: 0/41       AC:  5    Str: 16    XL:     5   Next: 25%
Magic:  5/5        EV: 14    Int:  7    God:
Gold:   183        SH:  0    Dex: 15    Spells: 4/4 levels left

rFire   . . .      SeeInvis .   a - +0 trident
rCold   . . .      Faith    .   (no shield)
rNeg    . . .      Spirit   .   b - +0 leather armour
rPois   .          Reflect  .   c - +0 helmet
rElec   .          Harm     .   n - +0 cloak
rCorr   .          Rampage  .   (no gloves)
Will    .....                   (no boots)
Stlth   +.........              (no amulet)
HPRegen 0.13/turn               (no ring)
MPRegen 0.09/turn               (no ring)

@: confused
A: (nimble swimmer 2), mertail
a: no special abilities


You were on level 3 of the Dungeon.
You visited 1 branch of the dungeon, and saw 4 of its levels.

You collected 183 gold pieces.

Inventory:

Hand Weapons
 a - a +0 trident (weapon)
Missiles
 d - 2 throwing nets (quivered)
Armour
 b - a +0 leather armour (worn)
 c - a +0 helmet (worn)
 n - a +0 cloak (worn)
Scrolls
 e - a scroll of fog
 l - a scroll of amnesia
Potions
 h - a potion of flight
 i - 2 potions of berserk rage {unknown}
 j - a potion of curing


   Skills:
 + Level 3.5 Fighting
 + Level 5.6 Polearms
 - Level 2.0 Throwing
 + Level 1.5 Armour
 + Level 5.1 Dodging


You had 4 spell levels left.
You didn't know any spells.
Your spell library contained the following spells:

 Spells                   Type           Power      Damage    Failure   Level
 Beastly Appendage        Tmut           0%         N/A       50%         1
 Sublimation of Blood     Necr           0%         N/A       65%         2
 Wereblood                Tmut           0%         N/A       65%         2
 Spider Form              Tmut/Pois      0%         N/A       86%         3
 Summon Hydra             Summ           0%         N/A       100%        7


Dungeon Overview and Level Annotations

Branches:
Dungeon (4/15)
 Temple: D:4-7

Altars:


Innate Abilities, Weirdness & Mutations

((You are quick and stealthy near water. (Stealth+, EV+, Speed+++)))
Your lower body shifts to a powerful aquatic tail in water.


Message History

You are confused.
The orc barely misses you. The goblin hits you with a +0 club.
The orc barely misses you.
The orc wizard points at you and mumbles some strange words.
The puff of flame hits you! The orc hits you but does no damage.
You're too confused to move!
The orc wizard completely misses you. The orc misses you.
The goblin closely misses you. The orc hits you with a +0 falchion.
The orc wizard barely misses you. The orc hits you with a +0 hand axe.
Unknown command.
You bump into the rock wall.
The orc wizard hits you but does no damage.
The orc hits you with a +0 whip.
* * * LOW HITPOINT WARNING * * *
The goblin closely misses you. The orc hits you with a +0 falchion.
* * * LOW HITPOINT WARNING * * *
The orc wizard barely misses you. The orc hits you but does no damage.
You bump into the rock wall.
The orc wizard hits you but does no damage.
The orc hits you with a +0 whip.
* * * LOW HITPOINT WARNING * * *
The goblin hits you with a +0 club.
* * * LOW HITPOINT WARNING * * *
The orc barely misses you.
The orc wizard hits you but does no damage.
The orc closely misses you.
You bump into the rock wall.
The orc wizard barely misses you. The orc hits you but does no damage.
The goblin hits you with a +0 club.
* * * LOW HITPOINT WARNING * * *
The orc misses you.
The orc wizard casts a spell.
The orc wizard flickers and vanishes!
Deactivating autopickup; reactivate with Ctrl-A.
The orc barely misses you.
Unknown command.
You barely miss the orc.
The orc wizard gestures at you while chanting.
You resist with some effort. The orc hits you but does no damage.
The goblin barely misses you. The orc hits you with a +0 falchion.
You die...

####.# #.# #.....#....#.### #.#
#.# #####.######## ####.#######.#
#.#
..........##.#########.#######
####.####.##.##.......)....<.####
#.........#.....###.####......
####................# ##.###.
#.#.####.o{o.##### #.....
#.#.##...g@o....# #..###
#.#.##.###o####.# #..### #......#
#.# #.# #..... #######..##.## #.#
#.# ##.### .....##..##.# #.# #.#
#.# ####.##..##.# #.# #.# #.#
#....)...##l# #.# #.# #.#
#[##.###..#.# ##.####.#######.#
#.##.####.#l# #............##.#


You could see an orc wizard, 3 orcs and a goblin.

Vanquished Creatures
  Crazy Yiuf (D:3)
  3 adders
  3 gnolls
  2 dart slugs (D:1)
  3 bats
  5 endoplasms
  A giant cockroach (D:1)
  9 hobgoblins
  4 jackals (D:2)
  8 kobolds
  A quokka (D:1)
  3 ball pythons
  3 frilled lizards
  5 goblins
  5 rats
56 creatures vanquished.

Notes
Turn   | Place    | Note
-------+----------+-------------------------------------------
     0 | D:1      | Demosthentine the Merfolk Gladiator began the quest for the
                  | Orb.
     0 | D:1      | Reached XP level 1. HP: 16/16 MP: 1/1
   179 | D:1      | Reached XP level 2. HP: 22/23 MP: 2/2
   511 | D:1      | Reached XP level 3. HP: 14/28 MP: 3/3
   847 | D:1      | Found a faded altar of an unknown god.
  1297 | D:2      | Reached skill level 5 in Polearms
  1297 | D:2      | Reached skill level 1 in Armour
  1574 | D:2      | Reached XP level 4. HP: 34/35 MP: 4/4
  2409 | D:3      | Reached skill level 5 in Dodging
  2557 | D:3      | Reached XP level 5. HP: 41/41 MP: 5/5
  2710 | D:3      | Found a runed translucent door.
  2711 | D:3      | Noticed Crazy Yiuf
  2803 | D:3      | Killed Crazy Yiuf
  2851 | D:3      | Slain by an orc

Illustrated notes

Levels and vault maps discovered:
D:1:      dpeg_arrival_fog, layout_basic, basic_ecumenical_altar,
          solitary_fountain, minmay_tromino_v4_a
D:2:      layout_basic
D:3:      layout_loops_ring, uniq_crazy_yiuf_cottage
D:4:      layout_loops_cross, grunt_ministairs_14

Skill      XL: |  1  2  3  4 |
---------------+-------------+-----
Polearms       | 5 |  5.6
Armour         | 1 |  1.5
Fighting       | 3 |  3.5
Dodging        | 5 |  5.1
Throwing       | |  2.0

Action                   |  1- 3 |  4- 6 || total
-------------------------+-------+-------++-------
Melee: Trident           |   143 |    66 ||   209
Throw: Throwing net      |       |     1 ||     1
  Use: Scroll            |     4 |     6 ||    10
       Potion            |       |     2 ||     2
Armor: Leather armour    |    35 |    29 ||    64
Dodge: Dodged            |    80 |    72 ||   152

Table legend: (Time is in decaauts)
 A = Elapsed time spent in this place.
 B = Non-inter-level travel time spent in this place.
 C = Inter-level travel time spent in this place.
 D = Time resting spent in this place.
 E = Time spent auto-exploring this place.
 F = Levels seen in this place.
 G = Mean time per level.
                   A        B        C        D        E       F      G
               +--------+--------+--------+--------+--------+-----+--------+
         Total |   2864 |   2794 |     70 |    205 |   2126 |   4 |  716.0 |
       Dungeon |   2864 |   2794 |     70 |    205 |   2126 |   4 |  716.0 |
               +--------+--------+--------+--------+--------+-----+--------+

Top non-repeatable levels by time:
     D:1: 1158 daAuts
     D:2: 924 daAuts
     D:3: 779 daAuts
     D:4: 1 daAuts
